 Dungeon Crawl Stone Soup version 0.16.2-3-ga078185 (webtiles) character file.

240 gorblad the Vexing (level 6, 0/30 HPs)
             Began as a Vine Stalker Arcane Marksman on Sept 8, 2015.
             Was an Initiate of Sif Muna.
             Slain by gorblad's ghost (4 damage)
             ... on level 5 of the Dungeon.
             The game lasted 00:13:10 (2646 turns).

gorblad the Vexing (Vine Stalker Arcane Marksman)   Turns: 2646, Time: 00:13:11

Health: 0/30       AC:  6    Str: 14    XL:     6   Next: 8%
Magic:  0/11       EV: 12    Int: 13    God:    Sif Muna [......]
Gold:   103        SH:  0    Dex: 15    Spells: 1 memorised, 7 levels left

rFire  + . .     SeeInvis .     s - +1 falchion of Yeast {drain, rPois rF+} (curse)
rCold  . . .     Clarity  .     k - +0 ring mail
rNeg   . . .     SustAb   .     (no shield)
rPois  +         Gourm    .     j - +0 helmet
rElec  .         Spirit   +     (no cloak)
rCorr  .         Warding  .     (no gloves)
rMut   .         Stasis   .     (no boots)
MR     .....                    h - amulet of faith
Stlth  +.........               (no ring)
                                (no ring)

@: not resistant to hostile enchantments, very unstealthy
A: fangs 2, regeneration 2, magic shield, antimagic bite, no device heal 3, rot
immunity
a: Renounce Religion


You were on level 5 of the Dungeon.
You worshipped Sif Muna.
Sif Muna was noncommittal.
You were hungry.

You visited 1 branch of the dungeon, and saw 4 of its levels.

You collected 103 gold pieces.

Inventory:

Hand weapons
 b - a +0 shortbow
 s - the cursed +1 falchion of Yeast (weapon) {drain, rPois rF+}
   (You found it on level 4 of the Dungeon)

   A truly terrible weapon, it drains the life of those it strikes.
   It protects you from fire.
   It protects you from poison.
   It has a curse placed upon it.
Missiles
 p - 4 arrows
Armour
 a - a +0 robe
 j - a +0 helmet (worn)
 k - a +0 ring mail (worn)
Jewellery
 h - an amulet of faith (around neck)
Magical devices
 c - a wand of teleportation (3)
Scrolls
 o - a scroll of teleportation
Potions
 i - a potion of ambrosia
 l - a potion of heal wounds
 n - a potion of lignification
 q - a potion of restore abilities {unknown}
 r - a potion of curing {unknown}
Books
 d - a book of Debilitation

   Spells                             Type                      Level
   a - Corona                         Hexes                        1
   b - Slow                           Hexes                        2
   c - Inner Flame                    Hexes/Fire                   3
   d - Enslavement                    Hexes                        4
   e - Cause Fear                     Hexes                        4
   f - Leda's Liquefaction            Hexes/Earth                  4
Comestibles
 f - a bread ration


   Skills:
 + Level 1.9 Fighting
 + Level 1.0 Long Blades
 + Level 3.1 Bows
 + Level 1.1 Armour
 + Level 2.9 Dodging
 + Level 1.1 Stealth
 + Level 1.8 Spellcasting
 + Level 3.4 Hexes


You had 7 spell levels left.
You knew the following spells:

 Your Spells              Type           Power        Failure   Level  Hunger
a - Corona                Hex            ##.....      17%         1    ##.....


Dungeon Overview and Level Annotations

Branches:
Dungeon (5/15)
 Temple: D:4-7

Altars:
Sif Muna

Shops:
D:4 [   D:5 !

Annotations:
D:5 gorblad's ghost, experienced SpVM


Innate Abilities, Weirdness & Mutations

You have extremely sharp teeth.
You heal very quickly.
When hurt, damage is shared between your health and your magic reserves.
Your bite disrupts and absorbs the magic of your enemies.
Potions and wands cannot restore your health.
You are immune to rotting.


Message History

Gorblad's ghost is severely damaged.
The phantom hits you but does no damage.
Gorblad's ghost completely misses you. The phantom barely misses you.
Gorblad's ghost hits you.
You miss gorblad's ghost.
You bite gorblad's ghost, but do no damage.
Gorblad's ghost is severely damaged.
The phantom hits you but does no damage.
Gorblad's ghost hits you.
* * * LOW HITPOINT WARNING * * *
You are too injured to fight recklessly!
You are too injured to fight recklessly!
You are too injured to fight recklessly!
You are too injured to fight recklessly!
You hit the phantom but do no damage.
The phantom is moderately damaged.
The phantom hits you.
* * * LOW HITPOINT WARNING * * *
Gorblad's ghost hits you.
You die...

#.## #. ##..## ..
#.#####....##..#
#...#..........
#.....♣.......#
##...♣.∩†♣# ##
####......♣..###...#
#.....§.W.........#
#...#.W@..........#
##.##......#####.#
#......### #
#.....).## .#
#..#####..####....
#.# ##.......... ##
#...........
##.....##.... #
##§.#...# ..


You could see a phantom and gorblad's ghost.

Vanquished Creatures
  Blork the orc (D:4)
  An orc priest (D:4)
  An iguana (D:4)
  Ijyb (D:4)
  2 adders (D:4)
  A giant mite (D:4)
  3 worms (D:4)
  2 giant geckos
  4 orcs
  A ball python (D:4)
  10 bats
  2 giant cockroaches (D:4)
  7 hobgoblins
  5 kobolds
  A quokka (D:4)
  A ball python skeleton (D:4)
  A giant gecko skeleton (D:4)
  4 giant newts
  8 goblins
  3 rats (D:1)
59 creatures vanquished.

Notes
Turn   | Place    | Note
--------------------------------------------------------------
     0 | D:1      | gorblad, the Vine Stalker Arcane Marksman, began the quest for the Orb.
     0 | D:1      | Reached XP level 1. HP: 9/9 MP: 2/2
   110 | D:1      | Reached skill level 1 in Fighting
   291 | D:1      | Reached XP level 2. HP: 9/14 MP: 0/4
   802 | D:2      | Reached XP level 3. HP: 10/18 MP: 1/5
  1163 | D:2      | You fall through a shaft for 2 floors!
  1163 | D:4      | Found Ecisch's Antique Armour Boutique.
  1633 | D:4      | Got a jewelled falchion
  1670 | D:4      | Identified the cursed +1 falchion of Yeast {drain, rPois rF+} (You found it on level 4 of the Dungeon)
  1738 | D:4      | Reached XP level 4. HP: 22/22 MP: 7/7
  1825 | D:4      | Noticed Ijyb
  1841 | D:4      | Killed Ijyb
  1861 | D:4      | Reached XP level 5. HP: 25/25 MP: 9/9
  1930 | D:4      | Found a deep blue altar of Sif Muna.
  1933 | D:4      | Became a worshipper of Sif Muna the Loreminder
  2211 | D:4      | Noticed Blork the orc
  2223 | D:4      | Killed Blork the orc
  2223 | D:4      | Reached skill level 1 in Armour
  2223 | D:4      | Reached skill level 1 in Stealth
  2227 | D:4      | HP: 1/26 [worm (2)]
  2387 | D:4      | Gained mutation: You heal very quickly. [vine stalker growth]
  2387 | D:4      | Reached XP level 6. HP: 25/30 MP: 9/11
  2392 | D:4      | Reached skill level 1 in Long Blades
  2488 | D:5      | Entered Level 5 of the Dungeon
  2488 | D:5      | Found Zytimykkusch's Distillery.
  2504 | D:5      | Noticed gorblad's ghost (experienced SpVM)
  2646 | D:5      | Slain by gorblad's ghost

Action                   |  1- 3 |  4- 6 || total
-------------------------+-------+-------++-------
Melee: Shortbow          |    94 |       ||    94
       Falchion          |     4 |   117 ||   121
 Fire: Shortbow          |   105 |       ||   105
 Cast: Corona            |    17 |    14 ||    31
  Use: Scroll            |     5 |     5 ||    10
  Eat: Meat ration       |     1 |       ||     1
       Beef jerky        |     1 |       ||     1
